Map: Beckett Industries LE

Players

Armani

  • Race: Zerg Zerg
  • League: Master

DPGZest (Zest) - Winner!

  • Race: Protoss Protoss

Event: TSL 7

VOD

Have the link to the VOD?

Description

Time

  • Played on: June 12, 2021, 12:41 p.m.
  • Length: 13:39

All games in this series

Show
View Real Time Build Order
Export as new Build Order

Armani Zerg 

Build Orders: Hatch First, Lurkers, Roach Hydra 

Get SALT Encoding   

  12  0:00  Drone  
  13  0:12  Overlord  
  13  0:17  Drone  
  14  0:31  Drone x2  
  16  0:48  Hatchery  
  15  0:52  Drone  
  15  0:55  Drone  
  17  0:58  Drone  
  18  1:05  Extractor  
  17  1:14  Spawning Pool  
  16  1:20  Drone  
  16  1:22  Drone  
  18  1:28  Drone  
  19  1:38  Drone  
  20  1:50  Drone  
  21  2:01  Queen x2, Zergling x2  
  22  2:03  Overlord  
  26  2:10  Metabolic Boost  
  26  2:15  Drone  
  27  2:20  Drone  
  27  2:21  Drone  
  29  2:24  Drone  
  30  2:39  Hatchery  
  29  2:45  Queen  
  29  2:48  Drone  
  29  2:50  Drone  
  33  2:51  Drone  
  33  2:55  Drone  
  33  2:58  Overlord  
  35  3:03  Overlord  
  35  3:08  Drone  
  36  3:18  Drone x4  
  36  3:19  Drone  
  43  3:20  Drone x2  
  43  3:25  Queen  
  45  3:30  Drone  
  45  3:31  Overlord  
  46  3:36  Spore Crawler  
  46  3:38  Overlord  
  45  3:42  Overlord  
  45  3:47  Spore Crawler  
  44  3:50  Drone  
  44  3:51  Drone x3  
  48  3:57  Queen  
  48  3:59  Drone x2  
  48  4:00  Drone  
  53  4:04  Drone x2  
  53  4:06  Zergling x4  
  53  4:09  Zergling x2  
  57  4:18  Drone x2  
  57  4:19  Roach Warren  
  57  4:24  Drone  
  57  4:25  Drone x5  
  57  4:31  Spore Crawler  
  61  4:33  Drone  
  61  4:34  Drone  
  61  4:37  Drone x2  
  65  4:39  Zergling x8  
  65  4:44  Lair  
  69  4:49  Extractor  
  69  4:50  Overlord, Extractor  
  69  4:51  Overlord  
  67  4:53  Overlord  
  67  4:55  Drone  
  68  5:00  Overlord  
  68  5:02  Evolution Chamber  
  68  5:06  Overlord  
  67  5:12  Queen x2  
  67  5:13  Drone x5  
  76  5:15  Drone x2  
  76  5:18  Extractor  
  76  5:19  Drone x2  
  76  5:20  Extractor  
  79  5:21  Drone x2  
  79  5:25  Drone  
  81  5:31  Drone  
  81  5:32  Drone x2  
  81  5:34  Zerg Missile Weapons Level 1  
  81  5:35  Extractor  
  83  5:36  Drone x3  
  83  5:37  Drone  
  83  5:40  Overlord  
  87  5:44  Glial Reconstitution  
  87  5:48  Drone x2  
  87  5:49  Hydralisk Den  
  88  5:51  Queen  
  88  5:52  Queen  
  88  5:54  Overseer  
  91  6:04  Hatchery  
  90  6:08  Overlord  
  90  6:09  Overlord  
  90  6:13  Overlord  
  90  6:14  Overlord  
  90  6:15  Queen  
  91  6:21  Roach  
  91  6:22  Roach x3  
  99  6:27  Roach x4  
  107  6:37  Roach x5  
  116  6:41  Overlord  
  116  6:43  Queen  
  116  6:45  Queen  
  120  6:55  Drone  
  120  6:56  Infestation Pit  
  120  6:58  Drone x8  
  120  6:59  Drone  
  128  7:13  Drone x2  
  128  7:15  Spore Crawler  
  129  7:16  Spore Crawler  
  129  7:18  Overseer  
  129  7:19  Queen, Drone  
  131  7:26  Spore Crawler  
  131  7:28  Drone  
  131  7:29  Zerg Missile Weapons Level 2  
  129  7:37  Hive, Extractor x2  
  127  7:38  Grooved Spines, Drone  
  127  7:40  Lurker Den  
  127  7:41  Hydralisk x6  
  138  7:45  Drone  
  139  7:56  Hydralisk x5  
  139  7:57  Hydralisk  
  151  7:58  Overlord  
  151  7:59  Overlord  
  151  8:01  Overlord  
  150  8:05  Overlord x2  
  150  8:08  Drone  
  150  8:09  Overlord  
  150  8:11  Overlord  
  150  8:15  Overlord x2  
  150  8:18  Drone x3  
  150  8:19  Drone  
  154  8:20  Drone  
  154  8:24  Drone x2  
  154  8:25  Drone  
  154  8:26  Drone  
  159  8:28  Drone  
  160  8:34  Hydralisk  
  160  8:35  Hydralisk x3  
  168  8:51  Viper, Spore Crawler  
  168  8:52  Spore Crawler x2  
  168  8:54  Viper  
  168  8:55  Viper x2  
  171  8:59  Seismic Spines  
  171  9:00  Muscular Augments  
  171  9:04  Lurker x5  
  176  9:10  Hydralisk x2  
  176  9:13  Zergling x14  
  187  9:34  Hydralisk x4  
  187  9:35  Hydralisk x2  
  187  9:37  Overlord x2  
  187  9:38  Drone  
  199  9:41  Lurker  
  200  9:49  Overseer  
  199  9:55  Spore Crawler x2  
  199  9:56  Spore Crawler, Adaptive Talons  
  199  9:57  Spore Crawler  
  199  9:58  Hydralisk  
  199  9:59  Hydralisk  
  199  10:04  Zerg Missile Weapons Level 3  
  199  10:06  Drone  
  188  10:51  Hydralisk x6  
  188  10:52  Spore Crawler  
  188  10:53  Spore Crawler  
  194  11:00  Hydralisk x3  
  200  11:13  Hatchery  
  200  11:17  Lurker  
  200  11:22  Pneumatized Carapace  
  142  11:51  Hydralisk x28  
  142  11:52  Hydralisk x9  
  197  11:59  Queen x2  
  197  12:11  Overseer  
  197  12:12  Overseer x4  
  197  12:16  Hydralisk  
  193  12:41  Hydralisk x3  
  193  12:42  Hydralisk x12  
  169  12:53  Hydralisk  
  169  12:54  Hydralisk x4  
  169  12:57  Zergling x6  
  169  12:58  Queen x3  
  171  13:10  Hydralisk x6  
Show
View Real Time Build Order
Export as new Build Order

DPGZest Protoss - Winner!

Build Orders: 1 Gate Expand, Oracle Opening, Carriers 

Get SALT Encoding   

  12  0:00  Probe  
  13  0:12  Probe  
  14  0:17  Pylon  
  14  0:24  Probe  
  15  0:36  Probe (Chrono Boost)  
  15  0:39  Gateway  
  16  0:46  Probe (Chrono Boost)  
  16  0:48  Assimilator  
  17  0:51  Probe (Chrono Boost)  
  18  1:03  Probe  
  19  1:15  Probe  
  20  1:27  Nexus  
  20  1:38  Cybernetics Core  
  20  1:41  Probe  
  20  1:46  Assimilator  
  21  1:53  Probe  
  22  1:56  Pylon  
  22  2:05  Probe (Chrono Boost)  
  23  2:15  Warp Gate, Adept  
  26  2:17  Probe (Chrono Boost)  
  26  2:23  Stargate  
  26  2:24  Probe (Chrono Boost)  
  28  2:39  Probe (Chrono Boost)  
  28  2:40  Probe (Chrono Boost)  
  29  2:45  Adept  
  29  2:48  Probe (Chrono Boost)  
  29  2:50  Probe (Chrono Boost)  
  33  2:53  Probe (Chrono Boost)  
  33  2:57  Void Ray (Chrono Boost)  
  34  3:00  Probe  
  34  3:05  Probe  
  36  3:09  Pylon  
  36  3:12  Probe  
  41  3:17  Probe  
  41  3:19  Gateway  
  42  3:24  Probe  
  43  3:29  Probe  
  43  3:30  Oracle (Chrono Boost)  
  47  3:36  Probe  
  48  3:41  Probe  
  49  3:48  Probe  
  49  3:53  Nexus, Probe  
  51  3:57  Pylon  
  51  4:00  Probe  
  52  4:05  Probe, Assimilator  
  52  4:07  Assimilator  
  53  4:12  Stargate, Probe  
  53  4:17  Pylon, Void Ray  
  54  4:18  Probe  
  59  4:28  Probe  
  60  4:31  Pylon, Probe  
  61  4:40  Probe  
  61  4:43  Probe  
  63  4:49  Forge  
  63  4:50  Protoss Air Weapons Level 1, Void Ray  
  64  4:52  Probe (Chrono Boost)  
  64  4:55  Probe (Chrono Boost)  
  64  4:56  Void Ray  
  69  5:04  Probe (Chrono Boost)  
  69  5:06  Probe (Chrono Boost)  
  75  5:10  Probe x2 (Chrono Boost), Shield Battery  
  75  5:11  Probe (Chrono Boost)  
  78  5:19  Probe x2  
  80  5:22  Probe  
  80  5:26  Robotics Facility  
  81  5:31  Probe x2  
  81  5:33  Void Ray x2  
  81  5:34  Probe  
  84  5:36  Assimilator  
  84  5:37  Pylon  
  92  5:43  Probe  
  92  5:45  Assimilator  
  92  5:48  Pylon  
  93  5:54  Pylon  
  93  5:55  Probe x3  
  96  6:02  Pylon  
  96  6:07  Probe x2, Void Ray x2 (Chrono Boost)  
  96  6:10  Pylon  
  99  6:11  Probe  
  107  6:19  Probe x2  
  107  6:23  Observer  
  107  6:25  Robotics Bay  
  110  6:27  Gateway  
  110  6:28  Gateway  
  110  6:29  Gateway  
  110  6:30  Gateway  
  110  6:32  Photon Cannon  
  110  6:41  Adept x2  
  115  6:47  Observer  
  115  6:53  Nexus  
  115  6:56  Pylon  
  115  6:59  Pylon  
  115  7:03  Stargate  
  115  7:05  Fleet Beacon  
  115  7:12  Photon Cannon  
  115  7:15  Shield Battery  
  115  7:35  Probe x2, Photon Cannon  
  117  7:37  Shield Battery  
  117  7:42  Stalker x3  
  117  7:43  Stalker x2  
  127  7:52  Photon Cannon  
  127  7:53  Gateway  
  127  7:54  Gateway  
  127  7:57  Carrier x2 (Chrono Boost)  
  127  7:58  Carrier (Chrono Boost), Photon Cannon  
  127  7:59  Photon Cannon  
  145  8:12  Protoss Air Weapons Level 2  
  145  8:17  Photon Cannon  
  145  8:18  Photon Cannon  
  145  8:19  Protoss Ground Weapons Level 1  
  145  8:22  Probe x3  
  145  8:23  Probe, Assimilator  
  145  8:25  Pylon  
  149  8:27  Pylon  
  149  8:28  Assimilator  
  149  8:54  Carrier  
  149  8:55  Carrier x2  
  167  9:00  Twilight Council  
  167  9:07  Photon Cannon  
  167  9:08  Photon Cannon  
  167  9:09  Shield Battery  
  167  9:14  Shield Battery  
  167  9:16  Adept, Shield Battery  
  169  9:18  Photon Cannon  
  169  9:24  Immortal (Chrono Boost)  
  173  9:31  Observer  
  173  9:33  Pylon  
  173  9:39  Mothership (Chrono Boost)  
  179  9:45  Charge (Chrono Boost)  
  179  9:49  Templar Archives, Pylon  
  179  9:50  Pylon  
  179  9:51  Pylon  
  179  9:52  Gateway  
  179  9:53  Gateway  
  179  9:57  Immortal (Chrono Boost)  
  179  10:04  Pylon  
  183  10:12  Psionic Storm  
  179  10:21  Gateway  
  179  10:22  Gateway  
  177  10:29  Observer  
  177  10:30  High Templar x4  
  177  10:33  Gateway  
  177  10:34  Gateway  
  183  10:59  Warp Prism, High Templar  
  183  11:00  High Templar x3  
  192  11:09  Photon Cannon  
  192  11:11  Photon Cannon  
  192  11:13  Photon Cannon  
  192  11:15  Photon Cannon  
  192  11:16  Shield Battery  
  192  11:17  Shield Battery  
  192  11:21  Shield Battery  
  192  11:22  Photon Cannon  
  192  11:24  Photon Cannon  
  182  11:41  Archon x2  
  182  11:46  Archon x2  
  181  12:02  Zealot x3, High Templar x6  
  190  12:13  High Templar  
  192  12:23  Zealot x4  
  192  12:26  Zealot x3, Gateway  
  192  12:27  Gateway  
  192  12:29  Gateway  
  194  12:32  Gateway  
  194  12:35  Nexus  
  167  12:46  Zealot x3  
  167  12:47  Zealot x7  
  180  12:54  Archon  
  180  13:04  Archon  
  180  13:10  Zealot x5  
  188  13:24  Archon  
Tags
 
Add a new tag
Caveats
  • Supply blocks, unpowered buildings, or Contaminate may cause inaccurate times.
  • Supply counts are checked every 10 seconds.